 Dungeon Crawl Stone Soup version 0.24-a0-462-ge24419a6ad (webtiles) character file.

Game seed: 3266701129041648829

52 Mrkan the Cudgeler (level 3, -1/24 HPs)
             Began as a Gargoyle Monk on July 2, 2019.
             Slain by a gnoll
             ... wielding a +3 spear
              (4 damage)
             ... on level 2 of the Dungeon.
             The game lasted 00:02:36 (1104 turns).

Mrkan the Cudgeler (Gargoyle Monk)                  Turns: 1104, Time: 00:02:37

Health: -1/24      AC:  9    Str: 15    XL:     3   Next: 85%
Magic:  3/3        EV:  7    Int: 10    God:
Gold:   22         SH:  7    Dex: 12    Spells: 2/2 levels left

rFire    . . .     SeeInvis .   a - +0 mace
rCold    . . .     Gourm    .   f - +0 shield
rNeg     + . .     Faith    .   g - +0 scale mail
rPois    ∞         Spirit   .   (no helmet)
rElec    +         Reflect  .   (no cloak)
rCorr    .         Harm     .   (no gloves)
MR       .....                  (no boots)
Stlth    +.........             (no amulet)
HPRegen  0.08/turn              (no ring)
MPRegen  0.08/turn              (no ring)

@: no status effects
A: negative energy resistance 1, electricity resistance, unbreathing,
petrification resistance, rot immunity, AC +3
a: no special abilities


You were on level 2 of the Dungeon.
You were not hungry.

You visited 1 branch of the dungeon, and saw 2 of its levels.

You collected 22 gold pieces.

Inventory:

Hand Weapons
 a - a +0 mace (weapon)
Armour
 f - a +0 shield (worn)
 g - a +0 scale mail (worn)
Scrolls
 d - a scroll of noise {unknown}
 h - a scroll of identify {unknown}
 i - a scroll of remove curse {unknown}
Potions
 e - a potion of cancellation {unknown}
Comestibles
 b - a chunk of flesh
 c - 2 rations


   Skills:
 + Level 3.8 Fighting
 * Level 3.9 Maces & Flails
 - Level 2.4 Dodging
 - Level 2.1 Stealth
 + Level 1.4 Shields


You had 2 spell levels left.
You didn't know any spells.
Your spell library was empty.

Dungeon Overview and Level Annotations

Branches:
Dungeon (2/15)

Altars:


Innate Abilities, Weirdness & Mutations

You are resistant to torment.
Your stone body is resilient. (AC +3)
You are immune to poison.
You resist negative energy. (rN+)
You are resistant to electric shocks. (rElec)
You can survive without breathing.
You are immune to petrification.
You are immune to rotting.


Message History

You block the gnoll's attack.
You hit the gnoll but do no damage.
The gnoll is heavily wounded.
The gnoll hits you with a +3 spear. x2
* * * LOW HITPOINT WARNING * * *
You hit the gnoll but do no damage.
The gnoll is heavily wounded.
The gnoll barely misses you.
You barely miss the gnoll.
The gnoll is heavily wounded.
The gnoll barely misses you. The gnoll closely misses you.
Sorry, you're not good enough to have a special ability.
Okay, then.
The gnoll hits you with a +3 spear.
* * * LOW HITPOINT WARNING * * *
You completely miss the gnoll.
The gnoll is heavily wounded.
The gnoll hits you with a +3 spear.
You die...

#....#####################.
#.....# ###..#... #.....#
###.#....## #.....#
###.#..#.#... #.....#
###.#..#.#+#### #.....#
###.#..#.### #.....#
###.#..#.###
#.....#+#.#..#.###
#.....#.).@g.###
#.....##.#..#.##
#.(...###.#..#.## #.....#
##.#..#.## #.....#
##.#..#)## #####.#
##.#..#.## #<# ##.#..#.##
#.# ##.#..#.## #.#
##.#..#.##


You could see a gnoll.

Vanquished Creatures
  3 adders (D:2)
  A gnoll (D:1)
  3 bats
  A giant cockroach (D:1)
  3 goblins
  2 hobgoblins
  A frilled lizard (D:2)
  A kobold (D:2)
  3 rats
18 creatures vanquished.

Notes
Turn   | Place    | Note
-------+----------+-------------------------------------------
     0 | D:1      | Mrkan the Gargoyle Monk began the quest for the Orb.
     0 | D:1      | Reached XP level 1. HP: 14/14 MP: 1/1
   419 | D:1      | Reached XP level 2. HP: 19/19 MP: 2/2
   699 | D:2      | Found a faded altar of an unknown god.
   956 | D:2      | Reached skill level 1 in Shields
   966 | D:2      | Reached XP level 3. HP: 11/24 MP: 3/3
  1104 | D:2      | Slain by a gnoll

Levels and vault maps discovered:
D:1:      sevenhm_arrival_forest_fort_large_2, layout_rooms
D:2:      minmay_razor_zed, layout_basic, nicolae_ru_the_path_less_chosen,
          chequers_ecumenical_altar_simple, first_ration,
          minmay_misc_feat_cross, ebering_dispersal_statue_hall,
          grunt_gozag_breadcrumbs, uniq_terence

Skill      XL: |  1  2 |
---------------+-------+-----
Shields        | 1 |  1.4
Fighting       | |  3.8
Maces & Flails | |  3.9
Dodging        | |  2.4
Stealth        | |  2.1

Action                   || total
-------------------------++-------
Melee: Mace              ||    77
 Stab: Sleeping          ||     1
  Eat: Chunk             ||     1
Armor: Scale mail        ||    42
Dodge: Dodged            ||    36
Block: Shield            ||    37

Table legend:
 A = Non-vault XP
 B = Vault XP
 C = Vault XP percentage of total XP
 D = Non-vault monster count
 E = Vault monster count
 F = Vault count percentage of total count
                 A         B        C        D         E       F
            +---------+---------+-------+---------+---------+-------
      Total |      75 |       0 |   0.0 |      18 |       0 |   0.0
            +---------+---------+-------+---------+---------+-------
        D:1 |      25 |       0 |   0.0 |       8 |       0 |   0.0
        D:2 |      50 |       0 |   0.0 |      10 |       0 |   0.0
            +---------+---------+-------+---------+---------+-------
